Unix NetHack Version 3.7.0-95 Work-in-progress - last build Jan 1 2024 20:51:50 (6a0ccc5fa2390e420dd2d488a2f9488d2ae3a63b,branch:master). Game began 2024-01-04 17:12:33, ended 2024-01-04 17:43:10. Arasaka, chaotic female elven Ranger -------- ------ +r...... |....| |......| . |...$| |.{.....## |....| -----|-- ## # #### ###..{..| ######################################)##### |.>..| # # ## |....| ## ---.-- ##### ## # # --|----- # |......| ## |......| ## ---.---- |.......######.......| |......| #####|.<....| |......|### #|......| |......@# -------- -------- Arasaka the Trailblazer St:16 Dx:10 Co:16 In:13 Wi:13 Ch:7 Chaotic Dlvl:9 $:293 HP:43(43) Pw:26(26) AC:9 Xp:6/419 T:3954 Latest messages: You hit the shrieker. You hit the shrieker. You hit the shrieker. You hit the shrieker. You hit the shrieker. The shrieker turns to flee. You kill the shrieker! You hear the splashing of a naiad. You hear snoring snakes. You find a hidden door. This door is locked. Unlock it with your lock pick? [ynq] (q) You succeed in picking the lock. The door opens. You materialize in a different location! You see here a black naga hatchling corpse. You attack thin air. You can't go down here. You descend the stairs. J - a scroll labeled PRIRUTSENIE. What do you want to read? [tEGJ or ?*] As you read the scroll, it disappears. Your cloak crumbles and turns to dust! You sure are noisy. You climb up the stairs. You descend the stairs. You descend the stairs. You climb up the stairs. You find a hidden passage. The door resists! The door opens. You hit the floating eye. You are frozen by the floating eye's gaze! The gnome lady shoots an arrow! The arrow hits the floating eye! The gnome lady shoots 2 arrows! The 1st arrow hits the floating eye. The 2nd arrow misses the floating eye. You are hit by the 2nd arrow! The gnome lady shoots an arrow! The arrow hits the floating eye. You can move again. This door is locked. Unlock it with your lock pick? [ynq] (q) You succeed in picking the lock. The door opens. $ - 19 gold pieces (293 in total). You find a hidden passage. # Really quit? [yn] (n) Inventory: Coins ('$') $ - 293 gold pieces Weapons (')') c - 48 blessed +2 elven arrows d - 29 uncursed +0 elven arrows (in quiver) b - a blessed +1 elven bow (alternate weapon; not wielded) l - an uncursed -1 orcish dagger (weapon in left hand) Armor ('[') h - an uncursed +0 orcish helm (being worn) r - a cursed -2 pair of fumble boots Comestibles ('%') f - 2 uncursed lembas wafers Spellbooks ('+') G - an uncursed spellbook of cause fear E - an uncursed spellbook of confuse monster t - an uncursed spellbook of force bolt Potions ('!') A - an uncursed potion of blindness F - an uncursed potion of booze j - 3 uncursed potions of healing z - an uncursed potion of oil x - an uncursed potion of paralysis y - an uncursed potion of see invisible g - an uncursed potion of sickness u - an uncursed potion of speed Rings ('=') s - an uncursed ring of searching H - an uncursed ring of shock resistance Tools ('(') v - an uncursed lock pick k - a cursed oil lamp n - a cursed tin whistle Arasaka the Ranger's attributes: Background: You were a Trailblazer, a level 6 female elven Ranger. You were chaotic, on a mission for Mars who was opposed by Mercury (lawful) and Venus (neutral). You were left-handed. You were in the Dungeons of Doom, on level 9. You entered the dungeon 3954 turns ago. You had 419 experience points, 221 more were needed to attain level 7. Basics: You had all 43 hit points. You had all 26 energy points (spell power). Your armor class was 9. Your wallet contained 293 zorkmids. Autopickup was on for '$"?' plus thrown, with exceptions. Final Characteristics: Your strength was 16 (limit:18). Your dexterity was 10 (limit:18). Your constitution was 16 (limit:16). Your intelligence was 13 (limit:20). Your wisdom was 13 (limit:20). Your charisma was 7 (limit:18). Final Status: You weren't hungry. You were unencumbered. You were wielding a dagger. You had basic skill with dagger and could have enhanced that. Final Attributes: You were piously aligned. You were sleep resistant. You were telepathic. You had automatic searching. You had infravision. You survived. Miscellaneous: You disabled loading of bones levels. Total elapsed playing time was 30 minutes and 36 seconds. Major events: Turn 1: Arasaka the chaotic female elven Ranger entered the dungeon 629: attained the rank of Lookout (level 3) 897: entered the Gnomish Mines 3330: attained the rank of Trailblazer (level 6) 3954: quit Vanquished creatures: a dust vortex a rock piercer a rock mole a pony a fog cloud a yellow light 2 shriekers a black naga hatchling 5 elf zombies 4 giant ants a floating eye a kobold leader 2 rothes a wererat 3 iguanas a hobbit 6 giant rats 2 yellow molds a green mold 2 gnomes 4 geckos 2 jackals a fox 2 kobolds 6 goblins 3 grid bugs a bat 5 lichens a kobold zombie 6 newts 69 creatures vanquished. No species were genocided or became extinct. Voluntary challenges: You read items or engraved 12 times. You engraved Elbereth 1 time. You never genocided any monsters. You never polymorphed an object. You never changed form. You used no wishes. Achievements: You attained the rank of Lookout. You entered the Gnomish Mines. You entered a shop. You attained the rank of Trailblazer. The Dungeons of Doom: levels 1 to 10 Level 1: Level 2: Stairs down to The Gnomish Mines. Level 3: Level 4: Some fountains. Level 5: A fountain. Level 6: A fountain. Level 7: "v" Level 8: Many fountains. Level 9: <- You were here. Some fountains. Level 10: The Gnomish Mines: Level 3: Goodbye Arasaka the Ranger... You quit in The Dungeons of Doom on dungeon level 9 with 2479 points, and 293 pieces of gold, after 3954 moves. You were level 6 with a maximum of 43 hit points when you quit.